AoeStats
← zack

Arena

513595514Analyzed
4v4 RM · 1mo ago on Oct 14, 2026· 45m 37s· 8 players
Game mode
Random Map
Map size
Large (8 player)
Population
200
Speed
Normal
Resources
Standard
Victory
Conquest
Starting age
Dark Age
Ending age
Imperial Age
RankedLock teamsTeams togetherTeam positionsShared explorationLock speedFull tech treeHidden civsTurbo modeCheats
Victory
Defeat
🇹🇼 Khmer · Taiwan
1165
+14
🇺🇸 Italians · United States
1153
+14
🇨🇳 Gurjaras · China
1131
+15
🇨🇳 Bohemians · China
1099
+17
vs
🇨🇳 Romans · China
1235
-21
🇨🇳 Vikings · China
1099
-14
🇨🇳 Huns · China
1077
-13
🇨🇳 Byzantines · China
1051
-12
NIGHTMARE FLARE
5:04 Loom
11:55 Feudal Age
12:46 Horse Collar
12:59 Double-Bit Axe
15:39 Castle Age
14:23 Gold Mining
17:20 Wheelbarrow
16:58 Bow Saw
17:11 Heavy Plow
21:20 Fortified Wall
22:06 Masonry
25:20 Hand Cart
25:13 Stone Mining
25:42 Town Watch
28:17 Redemption
31:23 Imperial Age
29:38 Padded Archer Armor
29:28 Fletching
29:57 Crossbowman
30:42 Thumb Ring
31:32 Fletching
31:57 Leather Archer Armor
32:26 Ballistics
33:07 Chemistry
33:39 Two-Man Saw
33:11 Crop Rotation
32:32 Arbalester
33:50 Bodkin Arrow
34:26 Ring Archer Armor
35:01 Bracer
35:36 Architecture
35:46 Block Printing
38:51 Conscription
44:14 Pirotechnia
1438537544
7:34 Loom
10:18 Feudal Age
14:10 Castle Age
18:17 Double-Bit Axe
27:28 Redemption
32:06 Horse Collar
39:04 Imperial Age
39:58 Bow Saw
41:45 Chemistry
42:13 Padded Archer Armor
crazyeyee
10:59 Feudal Age
13:41 Castle Age
11:42 Double-Bit Axe
11:47 Horse Collar
15:27 Bow Saw
15:41 Heavy Plow
20:25 Wheelbarrow
20:46 Gold Mining
21:41 Hand Cart
22:29 Stone Mining
27:25 Imperial Age
24:43 Loom
24:44 Town Watch
25:42 Scale Barding Armor
25:48 Forging
26:17 Bloodlines
26:08 Husbandry
28:04 Chain Barding Armor
28:54 Iron Casting
28:25 Elite Battle Elephant
29:27 Town Patrol
31:12 Tusk Swords
31:14 Light Cavalry
33:10 Blast Furnace
33:45 Plate Barding Armor
34:14 Hussar
35:48 Crop Rotation
35:20 Murder Holes
35:37 Masonry
35:49 Ballistics
35:57 Ballistics
35:45 Siege Engineers
36:15 Double Crossbow
36:36 Conscription
37:22 Chemistry
36:16 Heavy Scorpion
37:20 Fletching
39:13 Capped Ram
40:00 Bodkin Arrow
40:22 Masonry
42:43 Siege Ram
46:17 Bracer
zack
10:45 Feudal Age
11:22 Double-Bit Axe
15:32 Castle Age
13:31 Horse Collar
16:57 Bow Saw
18:14 Heavy Plow
21:44 Gold Mining
24:48 Town Watch
25:41 Wheelbarrow
25:42 Scale Barding Armor
25:30 Treadmill Crane
27:55 Chain Barding Armor
27:45 Forging
30:32 Imperial Age
28:20 Hand Cart
27:51 Town Watch
28:12 Husbandry
28:24 Bloodlines
29:10 Fortified Wall
30:29 Iron Casting
30:34 Loom
32:19 Gold Shaft Mining
31:38 Stone Mining
32:26 Plate Barding Armor
31:33 Heavy Camel Rider
32:33 Kshatriyas
32:49 Conscription
35:01 Frontier Guards
37:44 Hoardings
36:35 Elite Shrivamsha Rider
37:04 Siege Elephant
kiyohime
2:07 Loom
11:26 Feudal Age
12:44 Wheelbarrow
15:20 Castle Age
13:54 Double-Bit Axe
14:40 Horse Collar
20:41 Heavy Plow
20:54 Bow Saw
22:07 Gold Mining
24:29 Stone Mining
25:16 Gold Shaft Mining
29:28 Imperial Age
29:11 Hand Cart
29:48 Padded Archer Armor
29:39 Fletching
31:17 Conscription
30:43 Treadmill Crane
32:04 Chemistry
31:26 Ballistics
32:42 Two-Man Saw
32:31 Stone Shaft Mining
32:29 Crop Rotation
32:31 Crossbowman
33:14 Bodkin Arrow
33:35 Leather Archer Armor
34:19 Arbalester
35:05 Thumb Ring
35:32 Bracer
36:03 Ring Archer Armor
37:15 Guilds
40:52 Scale Mail Armor
41:03 Forging
40:51 Murder Holes
40:31 Elite Skirmisher
41:35 Pikeman
42:16 Squires
42:03 Arson
43:02 Chain Mail Armor
43:23 Iron Casting
唯今之计
12:15 Feudal Age
13:08 Double-Bit Axe
15:45 Castle Age
13:42 Horse Collar
17:43 Bow Saw
20:29 Loom
23:26 Fortified Wall
23:30 Town Watch
23:53 Gold Mining
25:11 Stone Mining
25:58 Gold Shaft Mining
29:27 Imperial Age
27:40 Scale Mail Armor
27:51 Forging
27:04 Man-at-Arms
28:11 Heavy Plow
27:45 Long Swordsman
28:42 Chain Mail Armor
29:30 Coinage
28:48 Arson
29:03 Squires
30:21 Iron Casting
29:42 Two-Handed Swordsman
30:54 Plate Mail Armor
29:50 Pikeman
33:42 Blast Furnace
32:18 Capped Ram
34:54 Chieftains
35:17 Conscription
36:00 Banking
36:33 Two-Man Saw
35:45 Champion
36:14 Siege Ram
36:46 Fletching
38:03 Crop Rotation
38:06 Bodkin Arrow
38:11 Padded Archer Armor
38:34 Ballistics
39:15 Chemistry
39:51 Bracer
40:07 Leather Archer Armor
40:04 Masonry
39:35 Treadmill Crane
41:40 Ring Archer Armor
40:58 Arrowslits
41:03 Guard Tower
41:04 Heated Shot
41:09 Murder Holes
小传奇
10:41 Feudal Age
11:29 Double-Bit Axe
14:25 Castle Age
12:22 Horse Collar
13:05 Loom
15:46 Bow Saw
16:25 Town Watch
21:41 Heavy Plow
29:20 Wheelbarrow
42:03 Imperial Age
41:09 Ballistas
43:09 Ballistics
43:12 Heavy Scorpion
K12580
10:54 Feudal Age
11:43 Double-Bit Axe
14:41 Castle Age
16:13 Horse Collar
20:47 Wheelbarrow
22:04 Bow Saw
23:16 Heavy Plow
24:50 Gold Mining
29:30 Imperial Age
28:25 Gold Shaft Mining
27:58 Marauders
28:05 Scale Barding Armor
28:10 Forging
29:10 Chain Barding Armor
29:18 Bloodlines
29:11 Husbandry
28:56 Light Cavalry
29:53 Elite Tarkan
30:54 Conscription
31:29 Iron Casting
31:01 Loom
33:41 Plate Barding Armor
34:07 Blast Furnace
34:06 Hussar
39:31 Two-Man Saw
42:24 Pikeman
43:23 Halberdier
Connection lost

Rejoining the realm…

Still unreachable

The connection could not be restored.

Session expired

The server has moved on; the page needs a fresh start.